 Dungeon Crawl Stone Soup version 0.30-b1-2-g02819fbbbe (webtiles) character file.

Game seed: 1937782041351521957

(classic levelgen) 17292 EnegeticOcto the Cleaver (level 12, -1/108 HPs)
             Began as a Minotaur Fighter on May 9, 2023.
             Was an Elder of Cheibriados.
             Shot with an arrow by a centaur (2 damage)
             ... led by a centaur warrior
             ... on level 13 of the Dungeon.
             The game lasted 00:06:43 (11966 turns).

EnegeticOcto the Cleaver (Minotaur Fighter)        Turns: 11966, Time: 00:06:44

Health: -1/108     AC: 19    Str: 39    XL:     12   Next: 17%
Magic:  15/15      EV: 12    Int: 17    God:    Cheibriados [****..]
Gold:   393        SH: 13    Dex: 20    Spells: 11/11 levels left

rFire   + . .        a - +0 war axe (freeze)
rCold   + . .        l - +0 kite shield
rNeg    . . .        C - +0 plate armour
rPois   .            u - +1 hat
rElec   .            (no cloak)
rCorr   .            o - +0 pair of gloves
SInv    +            y - +1 pair of boots
Will    .....        (no amulet) Stlth
                     v - ring "Ypan" {rF+ Int+4 Dex+2 Slay+2 SInv}
HPRegen 0.38/turn    r - ring of protection from cold
MPRegen 0.14/turn

%: no passive effects
@: about to teleport, very slow
A: horns 2, retaliatory headbutt, strong 1
a: Renounce Religion, Bend Time, Temporal Distortion, Slouch


You were on level 13 of the Dungeon.
You worshipped Cheibriados.
Cheibriados was greatly pleased with you.
You visited 2 branches of the dungeon, and saw 14 of its levels.

You collected 844 gold pieces.
You spent 451 gold pieces at shops.

Inventory:

Hand Weapons
 a - a +0 war axe of freezing (weapon)
Missiles
 p - a throwing net (quivered)
Armour
 l - a +0 kite shield (worn)
   (You took it off a wight on level 7 of the Dungeon)
 o - a +0 pair of gloves (worn)
   (You found it on level 3 of the Dungeon)
 u - a +1 hat (worn)
   (You found it on level 7 of the Dungeon)
 y - a +1 pair of boots (worn)
   (You bought it in a shop on level 5 of the Dungeon)
 C - a +0 plate armour (worn)
   (You found it on level 5 of the Dungeon)
Jewellery
 f - a ring of flight
   (You found it on level 9 of the Dungeon)
 r - a ring of protection from cold (right hand)
   (You found it on level 4 of the Dungeon)
 v - the ring "Ypan" (left hand) {rF+ Int+4 Dex+2 Slay+2 SInv}
   (You bought it in a shop on level 5 of the Dungeon)

   [ring of see invisible]

   Int:       It affects your intelligence (+4).
   Dex:       It affects your dexterity (+2).
   Slay:      It affects your accuracy & damage with ranged weapons and melee
   (+2).
   rF:        It protects you from fire.
   SInv:      It lets you see invisible.
 H - a ring of poison resistance
   (You found it on level 12 of the Dungeon)
 I - a ring of ice
   (You found it on level 12 of the Dungeon)
Wands
 b - a wand of digging (5) {@v3}
   (You found it on level 13 of the Dungeon)
 n - a wand of polymorph (8)
   (You found it on level 9 of the Dungeon)
 q - a wand of roots (13) {@v2}
   (You found it on level 10 of the Dungeon)
 w - a wand of acid (3) {@v1}
   (You found it on level 10 of the Dungeon)
 x - a wand of flame (37) {@v4}
   (You found it on level 5 of the Dungeon)
 F - a wand of paralysis (6)
   (You found it on level 12 of the Dungeon)
Scrolls
 e - 4 scrolls of teleportation {@r3}
 i - 3 scrolls of enchant weapon
 j - 5 scrolls of enchant armour
 m - 4 scrolls of vulnerability
 s - 3 scrolls of blinking {@r4}
 A - a scroll of fear
 D - a scroll of identify {@r1}
Potions
 c - a potion of invisibility
 d - 3 potions of might {@q3}
 g - 2 potions of cancellation
 h - a potion of mutation
 k - 2 potions of ambrosia
 t - 2 potions of resistance {@q5}
 z - 4 potions of lignification
 B - 3 potions of curing {@q1}
 E - 2 potions of flight


   Skills:
 + Level 10.6 Fighting
 * Level 14.0 Axes
 + Level 10.6 Armour
 + Level 6.1 Dodging
 + Level 10.6 Shields
 + Level 5.5 Invocations


You had 11 spell levels left.
You didn't know any spells.
Your spell library was empty.

Dungeon Overview and Level Annotations

Branches:
Dungeon (13/15)            Temple (1/1) D:7            Lair (0/5) D:11
    Orc (0/2) D:12
 Vaults: D:13-14

Altars:
Ashenzari
Cheibriados
Dithmenos
Elyvilon
Fedhas
Gozag
Hepliaklqana
Kikubaaqudgha
Makhleb
Nemelex Xobeh
Okawaru
Qazlal
Ru
Sif Muna
Trog
Uskayaw
Vehumet
Wu Jian
Xom
Yredelemnul
Zin
The Shining One

Shops:
D:2 (   D:5 *   D:8 ?

Annotations:
D:7 6 runed translucent doors, rigao's ghost, novice NaHu; zkyp's ghost, novice DETm
D:11 exclusion: oklob plant


Innate Abilities, Weirdness & Mutations

You have a pair of horns on your head.
You reflexively headbutt those who attack you in melee.
Your muscles are strong. (Str +4, Int/Dex -1)


Message History

The centaur warrior misses you. You block the centaur warrior's attack.
You slice the centaur warrior!! You freeze the centaur warrior!
You headbutt the centaur warrior!
The centaur warrior is almost dead.
The centaur warrior hits you but does no damage.
The centaur warrior kicks you.
You closely miss the centaur warrior.
The centaur warrior is almost dead.
The centaur warrior hits you but does no damage.
The centaur warrior kicks you but does no damage.
The centaur warrior hits you.
The centaur warrior kicks you but does no damage.
You hit the centaur warrior but do no damage.
You headbutt the centaur warrior.
You kill the centaur warrior!
Cheibriados appreciates the change of pace.
Your Axes skill increases to level 14!
No target in view!
Things that are here:
a +0 shortbow; a centaur corpse You open the door.
There is an open door here.
You open the door.
There is an open door here.
A centaur warrior and 3 centaurs come into view.
The centaur shouts! x2
The centaur warrior wields a +0 longbow.
The centaur warrior shoots an arrow.
The arrow hits you.
The centaur wields a +0 shortbow.
The centaur shoots an arrow.
The arrow hits you.
The centaur warrior shoots an arrow.
You block the arrow.
The centaur wields a +0 shortbow.
The centaur shoots an arrow.
The arrow closely misses you.
The centaur shoots an arrow.
You block the arrow.
The centaur warrior shoots an arrow.
The arrow hits you!
The centaur shoots an arrow.
You block the arrow.
The centaur moves out of view.
You hear a shout!
There are monsters nearby!
There are monsters nearby!
A centaur comes into view.
The centaur shouts!
The centaur shoots an arrow.
The arrow hits you.
The centaur warrior shoots an arrow.
You block the arrow.
The centaur wields a +0 shortbow.
The centaur shoots an arrow.
The arrow hits you.
The centaur shoots an arrow.
The arrow hits you but does no damage.
The centaur shoots an arrow.
The arrow hits you!
The centaur shoots an arrow.
The arrow hits you!
The centaur wields a +0 shortbow.
The centaur shoots an arrow.
The arrow hits you.
The centaur shoots an arrow.
You block the arrow.
The centaur shoots an arrow.
The arrow hits you.
The centaur warrior shoots an arrow.
The arrow hits you!
You are too injured to fight recklessly!
You are too injured to fight recklessly!
You are too injured to fight recklessly!
You are too injured to fight recklessly!
You are too injured to fight recklessly!
You are too injured to fight recklessly!
You are too injured to fight recklessly!
You are too injured to fight recklessly!
You are too injured to fight recklessly!
The centaur shoots an arrow.
The arrow hits you but does no damage.
The centaur shoots an arrow.
You block the arrow.
The centaur warrior shoots an arrow.
The arrow hits you.
The centaur shoots an arrow.
The arrow completely misses you.
The centaur shoots an arrow.
The arrow hits you but does no damage.
The centaur shoots an arrow.
The arrow hits you!
* * * LOW HITPOINT WARNING * * *
The centaur shoots an arrow.
You block the arrow.
The centaur warrior shoots an arrow.
The arrow hits you!
* * * LOW HITPOINT WARNING * * *
The centaur shoots an arrow.
You block the arrow.
The centaur shoots an arrow.
The arrow hits you but does no damage.
The centaur unwields a +0 shortbow.
The centaur hits you but does no damage.
The centaur closely misses you.
The centaur shoots an arrow.
The arrow barely misses you.
The centaur warrior unwields a +0 longbow.
You block the centaur warrior's attack. x2; The centaur unwields a +0 shortbow.
The centaur hits you but does no damage.
The centaur barely misses you.
The centaur shoots an arrow.
You block the arrow.
The centaur shoots an arrow.
The arrow hits you but does no damage. You block the centaur's attack.
The centaur kicks you but does no damage.
The centaur warrior hits you.
* * * LOW HITPOINT WARNING * * *
The centaur warrior kicks you but does no damage.
The centaur hits you but does no damage.
The centaur closely misses you.
The centaur shoots an arrow.
The arrow hits you but does no damage.
The centaur shoots an arrow.
The arrow hits you!
* * * LOW HITPOINT WARNING * * *
You block the centaur's attack. x2
Okay, then.
As you read the scroll of fear, it crumbles to dust.
You assume a fearsome visage.
The centaur warrior looks frightened!
The centaur looks frightened! x3; The centaur easily resists.
The centaur shoots an arrow.
The arrow hits you but does no damage.
Unknown command.
As you read the scroll of teleportation {@r3}, it crumbles to dust.
You feel strangely unstable.
The centaur shoots an arrow.
The arrow hits you.
You die...

#######+### ##.# #..# #
####'##### #.
#........# # ###c#####
#........# . #.c..c.c#
#........# . ##.......#
#........# . .........#
####........# .
#.....@.# #..'........#
.
#..c....###.##........#
.
#...........##........#
#
#.......######........#
######### ##########


You could see a centaur warrior (fleeing) and 4 centaurs.

Vanquished Creatures
  A centaur warrior (D:13)
  4 boulder beetles
  Erica (D:9)
  3 two-headed ogres
  2 tengu warriors (D:13)
  2 deep elf pyromancers
  A manticore (D:11)
  Joseph (D:8)
  A gargoyle (D:13)
  An unseen horror (D:12)
  A kobold demonologist (D:8)
  A troll (D:12)
  2 shadows
  15 yaks
  2 wyverns
  2 steam dragons
  A wraith (D:12)
  8 vampire mosquitoes (D:13)
  Edmund (D:6)
  4 orc warriors
  4 ice beasts
  2 black bears (D:7)
  4 centaurs
  A phantom (D:7)
  7 kobold brigands (D:8)
  Blork the orc (D:7)
  2 bullfrogs
  A gnoll sergeant (D:8)
  6 scorpions
  A water moccasin zombie (D:7)
  12 wights
  4 killer bees (D:11)
  A howler monkey (D:12)
  A gnoll bouda (D:10)
  A centaur zombie (D:7)
  A jelly (D:7)
  4 orc priests
  4 hounds
  A sleepcap (D:8)
  2 orc wizards
  4 iguanas
  14 gnolls
  7 adders
  2 white imps
  An ufetubus (D:6)
  4 worms
  5 dart slugs
  17 orcs
  6 bats
  5 endoplasms
  6 giant cockroaches
  3 goblins (D:1)
  5 hobgoblins
  7 jackals
  4 quokkas
  12 ball pythons
  5 frilled lizards
  13 kobolds
  7 rats
241 creatures vanquished.

Vanquished Creatures (others)
  10 plants (D:11)
10 creatures vanquished.

Grand Total: 251 creatures vanquished

Notes
Turn   | Place    | Note
-------+----------+-------------------------------------------
     0 | D:1      | EnegeticOcto the Minotaur Fighter began the quest for the
                  | Orb.
     0 | D:1      | Reached XP level 1. HP: 19/19 MP: 0/0
    78 | D:1      | Reached XP level 2. HP: 25/27 MP: 1/1
    95 | D:1      | Reached skill level 3 in Axes
   364 | D:1      | Reached XP level 3. HP: 32/33 MP: 2/2
  1070 | D:2      | Found Cusaqil's Weapon Emporium.
  1103 | D:2      | Found a broken altar of Ashenzari.
  1216 | D:2      | Reached XP level 4. HP: 40/40 MP: 3/3
  1310 | D:3      | Reached skill level 4 in Axes
  2155 | D:4      | Reached XP level 5. HP: 47/47 MP: 4/4
  2198 | D:4      | You fall into a shaft and drop 2 floors!
  2218 | D:6      | Noticed a steam dragon
  2227 | D:6      | Killed a steam dragon
  2228 | D:6      | Reached skill level 5 in Axes
  2228 | D:6      | Reached XP level 6. HP: 24/55 MP: 5/5
  2383 | D:6      | Reached skill level 5 in Fighting
  2383 | D:6      | Reached skill level 5 in Armour
  2383 | D:6      | Reached skill level 5 in Shields
  2419 | D:5      | Entered Level 5 of the Dungeon
  2419 | D:5      | Found Pipn's Assorted Antiques.
  2421 | D:5      | Bought a scroll labelled OBLISTRIMOF for 27 gold pieces
  2421 | D:5      | Bought a scroll labelled COCIN YZEPNOIM for 27 gold pieces
  2421 | D:5      | Bought a twitching turquoise ring for 135 gold pieces
  2421 | D:5      | Identified the ring "Ypan" {rF+ Int+4 Dex+2 Slay+2 SInv}
                  | (You bought it in a shop on level 5 of the Dungeon)
  2575 | D:5      | Reached skill level 6 in Axes
  2576 | D:5      | Reached XP level 7. HP: 57/61 MP: 6/6
  3815 | D:6      | Reached skill level 7 in Axes
  4081 | D:6      | Noticed Edmund
  4091 | D:6      | Killed Edmund
  4092 | D:6      | Reached XP level 8. HP: 39/70 MP: 7/7
  4610 | D:5      | Bought a pair of runed boots for 202 gold pieces
  4610 | D:5      | Bought a black potion for 24 gold pieces
  4658 | D:7      | Reached skill level 8 in Axes
  4981 | D:7      | Noticed Blork the orc
  5173 | D:7      | Killed Blork the orc
  5184 | D:7      | Reached skill level 9 in Axes
  5414 | D:7      | Found a runed translucent gate.
  5414 | D:7      | Found a runed translucent gate.
  5414 | D:7      | Found a runed translucent gate.
  5415 | D:7      | Noticed zkyp's ghost (novice DETm)
  5415 | D:7      | Noticed a spectral unseen horror
  5422 | D:7      | Noticed a two-headed ogre
  5431 | D:7      | Killed a two-headed ogre
  5432 | D:7      | Reached XP level 9. HP: 8/80 MP: 8/8
  5435 | D:7      | Gained mutation: Your muscles are strong. (Str +4, Int/Dex
                  | -1) [potion of mutation]
  5439 | D:7      | Reached skill level 10 in Axes
  5840 | D:7      | Found a runed translucent gate.
  5840 | D:7      | Found a runed translucent gate.
  5840 | D:7      | Found a runed translucent gate.
  5840 | D:7      | Noticed rigao's ghost (novice NaHu)
  5842 | D:7      | Found a basalt altar of Yredelemnul.
  5989 | D:7      | Found a staircase to the Ecumenical Temple.
  6130 | Temple   | Entered the Ecumenical Temple
  6296 | Temple   | Became a worshipper of Cheibriados the Contemplative
  6561 | D:8      | Found Xinwyikh's Magic Scroll Shoppe.
  6563 | D:8      | Noticed a two-headed ogre
  6564 | D:8      | Bought a scroll of teleportation for 36 gold pieces
  6575 | D:8      | Killed a two-headed ogre
  6576 | D:8      | Reached skill level 1 in Dodging
  6576 | D:8      | Reached skill level 1 in Invocations
  6576 | D:8      | HP: 2/82 [orc warrior/+0 battleaxe (12)]
  6832 | D:8      | Reached XP level 10. HP: 86/90 MP: 10/10
  6923 | D:8      | Reached skill level 11 in Axes
  6983 | D:8      | Found a glowing golden altar of the Shining One.
  7188 | D:8      | Reached * piety under Cheibriados
  7525 | D:8      | Noticed Joseph
  7535 | D:8      | Killed Joseph
  7707 | D:9      | Found a glowing silver altar of Zin.
  7707 | D:9      | Found a shimmering altar of Xom.
  7707 | D:9      | Noticed an angel
  7844 | D:9      | Reached ** piety under Cheibriados
  7963 | D:9      | Noticed Erica
  7974 | D:9      | Killed Erica
  7975 | D:9      | Reached skill level 12 in Axes
  8008 | D:9      | Found a broken altar of Ashenzari.
  8330 | D:10     | Entered Level 10 of the Dungeon
  8400 | D:10     | Reached XP level 11. HP: 77/97 MP: 12/12
  8475 | D:10     | Identified the +9 short sword of Reinforcement {flame,
                  | Int+3 Dex+3}
  9292 | D:11     | Noticed a boulder beetle
  9309 | D:11     | Killed a boulder beetle
  9522 | D:11     | Reached *** piety under Cheibriados
  9665 | D:11     | Noticed a boulder beetle
  9672 | D:11     | Killed a boulder beetle
  9918 | D:11     | Found a staircase to the Lair.
  9918 | D:11     | Noticed an oklob plant
 10322 | D:11     | Noticed a deep elf pyromancer
 10327 | D:11     | Killed a deep elf pyromancer
 10328 | D:11     | Reached skill level 13 in Axes
 10328 | D:11     | Reached skill level 10 in Armour
 10328 | D:11     | Reached skill level 5 in Dodging
 10477 | D:12     | Found a staircase to the Orcish Mines.
 10525 | D:12     | Reached skill level 10 in Shields
 10604 | D:12     | Noticed a deep elf pyromancer
 10607 | D:12     | Killed a deep elf pyromancer
 10608 | D:12     | Reached skill level 10 in Fighting
 10622 | D:12     | Noticed a boulder beetle
 10630 | D:12     | Killed a boulder beetle
 10824 | D:12     | Noticed a two-headed ogre
 10827 | D:12     | Killed a two-headed ogre
 10840 | D:12     | Found a shimmering altar of Xom.
 11312 | D:13     | Reached skill level 5 in Invocations
 11414 | D:13     | Reached **** piety under Cheibriados
 11499 | D:13     | Noticed a boulder beetle
 11510 | D:13     | Killed a boulder beetle
 11542 | D:13     | Noticed a tengu warrior
 11545 | D:13     | Noticed a tengu warrior
 11546 | D:13     | Killed a tengu warrior
 11547 | D:13     | Reached XP level 12. HP: 96/107 MP: 14/14
 11552 | D:13     | Killed a tengu warrior
 11827 | D:13     | Noticed a centaur warrior
 11834 | D:13     | Killed a centaur warrior
 11835 | D:13     | Reached skill level 14 in Axes
 11961 | D:13     | Noticed a centaur warrior
 11964 | D:13     | HP: 1/108 [centaur/arrow[a centaur warrior] (7)]
 11966 | D:13     | Shot with an arrow by a centaur

Illustrated notes

Levels and vault maps discovered:
D:1:      ebering_hopf_link, layout_basic, dk_noncrumbling_3,
          minmay_heptomino_d4
D:2:      layout_rooms, basic_altar, serial_shops, shop
D:3:      layout_basic, minmay_misc_feat_pillars
D:4:      layout_basic
D:5:      layout_basic, serial_shops, shop
D:6:      layout_basic, uniq_edmund
D:7:      layout_gridville, nicolae_yredelemnul_ghost_church,
          minmay_temple_entry_purple_smoke, gammafunk_ghost_necromancy,
          sword_in_stone
D:8:      layout_basic, kennysheep_mini_moat, serial_shops,
          nicolae_shop_window_shopping, special_room [special_room_kobold],
          uniq_joseph
D:9:      layout_gridville, grunt_temple_overflow_order_and_chaos_1,
          mainiacjoe_overflow_tiny_flanked, uniq_erica
D:10:     layout_stronghold
D:11:     layout_loops_corners, dpeg_oklobed_lair, hangedman_decor_slide_cut
D:12:     layout_loops_ring, orc_0_dummy, corexii_corridor_pit, tgw_xom
D:13:     layout_roguey, minivault_21
Temple:   bh_familiar_temple

Skill      XL: |  1  2  3  4  5  6  7  8  9 10 11 12 |
---------------+-------------------------------------+-----
Axes           | 3 4 5 6 7 9 10 12 13 14 | 14.0
Armour         | 4 5 6 7 8 9 10 | 10.6
Shields        | 4 5 6 7 8 9 10 | 10.6
Fighting       | 4 5 6 7 8 9 10 | 10.6
Dodging        | 1 4 5 6 |  6.1
Invocations    | 1 3 5 |  5.5

Action                     |  1- 3 |  4- 6 |  7- 9 | 10-12 || total
---------------------------+-------+-------+-------+-------++-------
  Melee: War axe           |    97 |    74 |   179 |   260 ||   610
         Headbutt          |    11 |    12 |    42 |    62 ||   127
    Use: Scroll            |       |       |    10 |     8 ||    18
         Potion            |       |       |    10 |       ||    10
 Armour: Scale mail        |    49 |    34 |    78 |    35 ||   196
         Skin              |       |       |    12 |       ||    12
         Plate armour      |       |       |       |    55 ||    55
  Dodge: Dodged            |    63 |    35 |    57 |   102 ||   257
  Block: Buckler           |    21 |    16 |    24 |       ||    61
         Kite shield       |       |       |    38 |   168 ||   206
